SAA
TACOMA FUR TRADERS @ YAKIMA HOPS
07/18/2028
 
TOP OF THE 1ST
Tacoma Fur Traders batting - Pitching for Yakima Hops : LHP Israel Arant
Pitching: LHP Israel Arant
Batting: RHB Tim Lehman 0-0: Called Strike
0-1: Swinging Strike
0-2: Ground out 6-3 (Groundball, 6)
Batting: LHB Ryan Marken 0-0: Ball
1-0: Ball
2-0: Foul Ball, location: 2F
2-1: Ball
3-1: Base on Balls
Batting: RHB Ken Bone 0-0: Called Strike
0-1: Ball
1-1: Fly out, F9 (Flyball, 89S)
Batting: RHB Luis Flores 0-0: Called Strike
0-1: SINGLE (Groundball, 4MD)
Ryan Marken to second
Runner from 2nd tries for 3rd, SAFE, no throw
Batting: SHB Carlos Alicea 0-0: Ball
1-0: Swinging Strike
1-1: Foul Ball, location: 2F
1-2: Ball
2-2: Strikes out looking
Top of the 1st over - 0 run(s), 1 hit(s), 0 error(s), 2 left on base; Tacoma 0 - Yakima 0
BOTTOM OF THE 1ST
Yakima Hops batting - Pitching for Tacoma Fur Traders : RHP Trevor Brohard
Pitching: RHP Trevor Brohard
Batting: RHB Diego Rodríguez 0-0: Fly out, F7 (Line Drive, 7)
Batting: LHB Pedro Tapia 0-0: Called Strike
0-1: Ball
1-1: Ball
2-1: Foul Ball, location: 2F
2-2: Ground out 4-3 (Groundball, 34)
Batting: LHB Bob Maher 0-0: Ball
1-0: Ball
2-0: Called Strike
2-1: Called Strike
2-2: Foul Ball, location: 2F
2-2: Foul Ball, location: 2F
2-2: Foul Ball, location: 2F
2-2: Ball
3-2: Foul Ball, location: 2F
3-2: Foul Ball, location: 2F
3-2: Base on Balls
Batting: RHB Colin O'Connell 0-0: Swinging Strike
0-1: Ball
1-1: Foul Ball, location: 2F
1-2: Strikes out swinging
Bottom of the 1st over - 0 run(s), 0 hit(s), 0 error(s), 1 left on base; Tacoma 0 - Yakima 0
TOP OF THE 2ND
Tacoma Fur Traders batting - Pitching for Yakima Hops : LHP Israel Arant
Batting: RHB Nick Boyd 0-0: Ball
1-0: Ball
2-0: Called Strike
2-1: Called Strike
2-2: Hit by Pitch
Batting: RHB Gustavo González 0-0: Grounds into double play, 6-4-3 (Groundball, 6)
Batting: SHB Dave Gant 0-0: SINGLE (Flyball, 9S)
Batting: RHB Roberto Aguirre 0-0: Foul Ball, location: 2F
0-1: SINGLE (Line Drive, 9S)
Dave Gant to second
Batting: RHB Tim Lehman 0-0: Called Strike
0-1: Ball
1-1: Ball
2-1: Ball
3-1: Foul Ball, location: 2F
3-2: Foul Ball, location: 2F
3-2: Base on Balls
Dave Gant to third
Roberto Aguirre to second
Batting: LHB Ryan Marken 0-0: Ball
1-0: Swinging Strike
1-1: Ball
2-1: Called Strike
2-2: SINGLE (Groundball, 6D)
Dave Gant scores
Roberto Aguirre to third
Tim Lehman to second
Runner from 3rd tries for Home, SAFE, no throw
Batting: RHB Ken Bone 0-0: DOUBLE (Flyball, 89D)
Tim Lehman scores
Ryan Marken to third
Runner from 3rd tries for Home, SAFE, no throw
Batting: RHB Luis Flores 0-0: Ground out 5-3 (Groundball, 5)
Top of the 2nd over - 4 run(s), 4 hit(s), 0 error(s), 1 left on base; Tacoma 4 - Yakima 0
BOTTOM OF THE 2ND
Yakima Hops batting - Pitching for Tacoma Fur Traders : RHP Trevor Brohard
Batting: RHB Xavier Gama 0-0: Ball
1-0: Ball
2-0: Foul Ball, location: 2F
2-1: Called Strike
2-2: Ground out 5-3 (Groundball, 5)
Batting: SHB José Ángel 0-0: Called Strike
0-1: Ball
1-1: Ball
2-1: DOUBLE (Groundball, 3L)
Batting: RHB Luis Rodríguez 0-0: Ball
1-0: DOUBLE (Flyball, 8RXD)
José Ángel scores
Batting: SHB Marlon Webster 0-0: Called Strike
0-1: Ball
1-1: Fly out, F7 (Flyball, 7S)
Batting: RHB Jud Regan 0-0: Ball
1-0: Ball
2-0: Swinging Strike
2-1: Called Strike
2-2: Foul Ball, location: 2F
2-2: Fly out, F9 (Flyball, 9S)
Bottom of the 2nd over - 1 run(s), 2 hit(s), 0 error(s), 1 left on base; Tacoma 4 - Yakima 1
TOP OF THE 3RD
Tacoma Fur Traders batting - Pitching for Yakima Hops : LHP Israel Arant
Batting: SHB Carlos Alicea 0-0: Ball
1-0: Foul Ball, location: 2F
1-1: Fly out, F8 (Flyball, 8LM)
Batting: RHB Nick Boyd 0-0: Ball
1-0: Ball
2-0: Ball
3-0: Base on Balls
Batting: RHB Gustavo González 0-0: Ball
1-0: Called Strike
1-1: Called Strike
1-2: Ground out 6-3 (Groundball, 6S)
Nick Boyd to second
Batting: SHB Dave Gant 0-0: Ball
1-0: Ball
2-0: Called Strike
2-1: Foul Ball, location: 2F
2-2: Foul Ball, location: 2F
2-2: Ground out 5-3 (Groundball, 56S)
Top of the 3rd over - 0 run(s), 0 hit(s), 0 error(s), 1 left on base; Tacoma 4 - Yakima 1
BOTTOM OF THE 3RD
Yakima Hops batting - Pitching for Tacoma Fur Traders : RHP Trevor Brohard
Batting: RHB Diego Rodríguez 0-0: Ball
1-0: Called Strike
1-1: Called Strike
1-2: Foul Ball, location: 2F
1-2: Ball
2-2: Fly out, F8 (Flyball, 8LS)
Batting: LHB Pedro Tapia 0-0: Ball
1-0: Called Strike
1-1: SINGLE (Groundball, 5D)
Batting: LHB Bob Maher 0-0: Ball
Pedro Tapia is caught stealing 2nd base
1-0: Foul Ball, location: 2F
1-1: Ball
2-1: Foul Ball, location: 2F
2-2: Ground out 3-1 (Groundball, 34)
Bottom of the 3rd over - 0 run(s), 1 hit(s), 0 error(s), 0 left on base; Tacoma 4 - Yakima 1
TOP OF THE 4TH
Tacoma Fur Traders batting - Pitching for Yakima Hops : LHP Israel Arant
Batting: RHB Roberto Aguirre 0-0: SINGLE (Groundball, 4D)
Batting: RHB Tim Lehman 0-0: Ball
Roberto Aguirre steals 2nd base
1-0: Ball
2-0: Swinging Strike
2-1: Ground out 6-3 (Groundball, 6)
Batting: LHB Ryan Marken 0-0: Ball
1-0: 2-RUN HOME RUN (Flyball, 8RXD), Distance : 435 ft
Batting: RHB Ken Bone 0-0: Ground out 4-3 (Groundball, 4)
Batting: RHB Luis Flores 0-0: Ground out 6-3 (Groundball, 6S)
Top of the 4th over - 2 run(s), 2 hit(s), 0 error(s), 0 left on base; Tacoma 6 - Yakima 1
BOTTOM OF THE 4TH
Yakima Hops batting - Pitching for Tacoma Fur Traders : RHP Trevor Brohard
Batting: RHB Colin O'Connell 0-0: Foul Ball, location: 2F
0-1: Foul Ball, location: 2F
0-2: Ball
1-2: Ground out 6-3 (Groundball, 6)
Batting: RHB Xavier Gama 0-0: Ball
1-0: Ball
2-0: Ball
3-0: Called Strike
3-1: Base on Balls
Batting: SHB José Ángel 0-0: Ball
1-0: Ball
2-0: Foul Ball, location: 2F
2-1: Ground out 4-3 (Groundball, 4S)
Xavier Gama to second
Batting: RHB Luis Rodríguez 0-0: Foul Ball, location: 2F
0-1: Foul Ball, location: 2F
0-2: Strikes out looking
Bottom of the 4th over - 0 run(s), 0 hit(s), 0 error(s), 1 left on base; Tacoma 6 - Yakima 1
TOP OF THE 5TH
Tacoma Fur Traders batting - Pitching for Yakima Hops : LHP Israel Arant
Batting: SHB Carlos Alicea 0-0: Called Strike
0-1: Swinging Strike
0-2: Fly out, F8 (Flyball, 89S)
Batting: RHB Nick Boyd 0-0: Ball
1-0: Ground out 4-3 (Groundball, 4M)
Batting: RHB Gustavo González 0-0: Ground out 4-3 (Groundball, 4)
Top of the 5th over - 0 run(s), 0 hit(s), 0 error(s), 0 left on base; Tacoma 6 - Yakima 1
BOTTOM OF THE 5TH
Yakima Hops batting - Pitching for Tacoma Fur Traders : RHP Trevor Brohard
Batting: SHB Marlon Webster 0-0: Ball
1-0: Ball
2-0: Called Strike
2-1: Foul Ball, location: 2F
2-2: Strikes out looking
Batting: RHB Jud Regan 0-0: Called Strike
0-1: SINGLE (Line Drive, 56D)
Batting: RHB Diego Rodríguez 0-0: Called Strike
Throwing error on steal attempt, E2
Jud Regan to third
0-1: Fly out, F8 (Flyball, 8LM)
Runner from 3rd tags up, SCORES, no throw
Batting: LHB Pedro Tapia 0-0: Called Strike
0-1: Called Strike
0-2: Ground out 5-3 (Groundball, 56S)
Bottom of the 5th over - 1 run(s), 1 hit(s), 1 error(s), 0 left on base; Tacoma 6 - Yakima 2
TOP OF THE 6TH
Tacoma Fur Traders batting - Pitching for Yakima Hops : LHP Israel Arant
Batting: SHB Dave Gant 0-0: Called Strike
0-1: Fly out, F9 (Flyball, 9LS)
Batting: RHB Roberto Aguirre 0-0: Foul Ball, location: 2F
0-1: Ball
1-1: Ball
2-1: Ball
3-1: Called Strike
3-2: Fly out, F5 (Popup, 5L)
Batting: RHB Tim Lehman 0-0: Fly out, F8 (Flyball, 8RM)
Top of the 6th over - 0 run(s), 0 hit(s), 0 error(s), 0 left on base; Tacoma 6 - Yakima 2
BOTTOM OF THE 6TH
Yakima Hops batting - Pitching for Tacoma Fur Traders : RHP Trevor Brohard
Batting: LHB Bob Maher 0-0: Ball
1-0: Fly out, F3 (Popup, 3L)
Batting: RHB Colin O'Connell 0-0: SOLO HOME RUN (Flyball, 78XD), Distance : 430 ft
Batting: RHB Xavier Gama 0-0: Ground out 4-3 (Groundball, 4)
Batting: SHB José Ángel 0-0: Ball
1-0: Swinging Strike
1-1: Ground out 4-3 (Groundball, 34)
Bottom of the 6th over - 1 run(s), 1 hit(s), 0 error(s), 0 left on base; Tacoma 6 - Yakima 3
TOP OF THE 7TH
Tacoma Fur Traders batting - Pitching for Yakima Hops : LHP Israel Arant
Pitching: LHP Billy Mays
Batting: LHB Ryan Marken 0-0: Called Strike
0-1: Called Strike
0-2: Foul Ball, location: 2F
0-2: Ball
1-2: Ball
2-2: Strikes out swinging, 2-3 out at first.
Batting: RHB Ken Bone 0-0: Foul Ball, location: 2F
0-1: Swinging Strike
0-2: Ball
1-2: Ball
2-2: Strikes out swinging
Batting: RHB Luis Flores 0-0: Called Strike
0-1: Called Strike
0-2: DOUBLE (Line Drive, 8LD)
Batting: SHB Carlos Alicea 0-0: Fly out, F9 (Flyball, 9)
Top of the 7th over - 0 run(s), 1 hit(s), 0 error(s), 1 left on base; Tacoma 6 - Yakima 3
BOTTOM OF THE 7TH
Yakima Hops batting - Pitching for Tacoma Fur Traders : RHP Trevor Brohard
Batting: RHB Luis Rodríguez 0-0: Called Strike
0-1: Ball
1-1: Ground out 5-3 (Groundball, 5)
Batting: SHB Marlon Webster 0-0: Fly out, F8 (Flyball, 8RS)
Batting: RHB Jud Regan 0-0: Ball
1-0: Foul Ball, location: 2F
1-1: Foul Ball, location: 2F
1-2: Ball
2-2: Ball
3-2: Fly out, F6 (Line Drive, 6)
Bottom of the 7th over - 0 run(s), 0 hit(s), 0 error(s), 0 left on base; Tacoma 6 - Yakima 3
TOP OF THE 8TH
Tacoma Fur Traders batting - Pitching for Yakima Hops : LHP Billy Mays
Batting: RHB Nick Boyd 0-0: Ball
1-0: Foul Ball, location: 2F
1-1: Ball
2-1: Fly out, F8 (Flyball, 8RS)
Batting: RHB Gustavo González 0-0: Called Strike
0-1: Ball
1-1: Foul Ball, location: 2F
1-2: Ball
2-2: Ground out 5-3 (Groundball, 56)
Batting: SHB Dave Gant 0-0: Foul Ball, location: 2F
0-1: Fly out, F8 (Flyball, 8LM)
Top of the 8th over - 0 run(s), 0 hit(s), 0 error(s), 0 left on base; Tacoma 6 - Yakima 3
BOTTOM OF THE 8TH
Yakima Hops batting - Pitching for Tacoma Fur Traders : RHP Trevor Brohard
Batting: RHB Diego Rodríguez 0-0: Foul Ball, location: 2F
0-1: Foul Ball, location: 2F
0-2: Ball
1-2: Foul Ball, location: 2F
1-2: Ball
2-2: Ground out 5-3 (Groundball, 56)
Pitching: RHP Jeff Pearce
Batting: LHB Pedro Tapia 0-0: Ball
1-0: Swinging Strike
1-1: Called Strike
1-2: Ball
2-2: Ball
3-2: Base on Balls
Pitching: LHP Luis Ruíz
Batting: LHB Bob Maher 0-0: Called Strike
0-1: Ball
1-1: SINGLE (Groundball, 4) (infield hit)
Pedro Tapia to second
Pitching: RHP Inocencio Galló
Batting: RHB Colin O'Connell 0-0: Ball
1-0: Called Strike
1-1: Swinging Strike
1-2: Strikes out swinging
Batting: RHB Xavier Gama 0-0: Called Strike
0-1: Ball
1-1: Foul Ball, location: 2F
1-2: Reached on error, E5 (Groundball, 56)
Pedro Tapia to third
Bob Maher to second
Batting: SHB José Ángel 0-0: Ball
1-0: Foul Ball, location: 2F
1-1: Foul Ball, location: 2F
1-2: Fly out, F7 (Flyball, 7LM)
Bottom of the 8th over - 0 run(s), 1 hit(s), 1 error(s), 3 left on base; Tacoma 6 - Yakima 3
TOP OF THE 9TH
Tacoma Fur Traders batting - Pitching for Yakima Hops : LHP Billy Mays
Batting: RHB Roberto Aguirre 0-0: Ball
1-0: Foul Ball, location: 2F
1-1: Foul Ball, location: 2F
1-2: Ground out 5-3 (Groundball, 56S)
Batting: RHB Tim Lehman 0-0: Called Strike
0-1: Called Strike
0-2: SINGLE (Flyball, 6MD)
Batting: LHB Ryan Marken 0-0: Ball
1-0: Called Strike
1-1: Ball
2-1: Fly out, F8 (Flyball, 78M)
Batting: RHB Ken Bone 0-0: Ball
1-0: SINGLE (Groundball, 4MD)
Tim Lehman to second
Batting: RHB Luis Flores 0-0: Ball
1-0: Ball
2-0: Ball
3-0: Called Strike
3-1: Swinging Strike
3-2: SINGLE (Groundball, 4MD)
Tim Lehman to third
Ken Bone to second
Tim Lehman scores
Ken Bone to third
Batting: SHB Carlos Alicea 0-0: Ground out 6-3 (Groundball, 6S)
Top of the 9th over - 1 run(s), 3 hit(s), 0 error(s), 2 left on base; Tacoma 7 - Yakima 3
BOTTOM OF THE 9TH
Yakima Hops batting - Pitching for Tacoma Fur Traders : RHP Inocencio Galló
Batting: RHB Luis Rodríguez 0-0: Called Strike
0-1: Ball
1-1: Called Strike
1-2: Ball
2-2: Foul Ball, location: 2F
2-2: Fly out, F8 (Flyball, 8LM)
Batting: SHB Marlon Webster 0-0: Ball
1-0: Called Strike
1-1: Swinging Strike
1-2: Ball
2-2: Ball
3-2: Foul Ball, location: 2F
3-2: Foul Ball, location: 2F
3-2: Foul Ball, location: 2F
3-2: Strikes out swinging
Batting: RHB Jud Regan 0-0: Foul Ball, location: 2F
0-1: Foul Ball, location: 2F
0-2: Foul Ball, location: 2F
0-2: Foul Ball, location: 2F
0-2: Ball
1-2: Strikes out swinging, 2-3 out at first.
Bottom of the 9th over - 0 run(s), 0 hit(s), 0 error(s), 0 left on base; Tacoma 7 - Yakima 3
Wednesday, August 16th, 2017 - OOTP Baseball 17.12 Build 75